 Dungeon Crawl Stone Soup version 0.17-a0-2055-gb4e23be (webtiles) character file.

163 4thArraOfDagon the Twirler (level 5, -8/40 HPs)
             Began as a Human Gladiator on Oct 11, 2015.
             Was a Follower of Qazlal.
             Killed by divine providence
             ... invoked by an orc priest
              (11 damage)
             ... on level 4 of the Dungeon.
             The game lasted 00:07:29 (1128 turns).

4thArraOfDagon the Twirler (Human Gladiator)        Turns: 1128, Time: 00:07:29

Health: -8/40      AC:  9    Str: 16    XL:     5   Next: 72%
Magic:  6/6        EV: 13    Int:  9    God:    Qazlal [*.....]
Gold:   117        SH:  1    Dex: 18    Spells: 0 memorised, 4 levels left

rFire  . . .     SeeInvis .     a - +1 quarterstaff
rCold  . . .     Clarity  .     k - +0 chain mail
rNeg   . . .     SustAt   +     (no shield)
rPois  .         Gourm    .     c - +0 helmet
rElec  .         Spirit   .     (no cloak)
rCorr  .         Warding  .     (no gloves)
rMut   .         Stasis   .     (no boots)
MR     .....                    (no amulet)
Stlth  ..........               j - ring of sustain attributes
                                g - ring of loudness

@: agile, lethally poisoned (-8 -> -16), very slightly contaminated, not
resistant to hostile enchantments, extremely unstealthy
A: no striking features
a: Renounce Religion


You were on level 4 of the Dungeon.
You worshipped Qazlal.
Qazlal was aware of your devotion.
You were not hungry.

You visited 1 branch of the dungeon, and saw 6 of its levels.

You collected 117 gold pieces.

Inventory:

Hand Weapons
 a - a +1 quarterstaff (weapon)
Missiles
 d - 8 javelins (quivered)
Armour
 c - a +0 helmet (worn)
 k - a +0 chain mail (worn)
Jewellery
 g - a ring of loudness (left hand)
 j - a ring of sustain attributes (right hand)
Scrolls
 b - a scroll of remove curse
 l - a scroll of identify {unknown}
 p - a scroll of random uselessness {unknown}
 s - a scroll of recharging {unknown}
Comestibles
 e - 4 bread rations
 h - a slice of pizza
 n - a beef jerky
 o - 6 chunks of flesh


   Skills:
 + Level 2.8 Fighting
 * Level 4.3 Staves
 - Level 2.0 Throwing
 + Level 3.9 Dodging
 + Level 2.1 Invocations


You had 4 spell levels left.
You didn't know any spells.

Dungeon Overview and Level Annotations

Branches:
Dungeon (6/15)
 Temple: D:4-7

Altars:
Dithmenos
Fedhas
Qazlal
Sif Muna
Vehumet
Xom
Yredelemnul

Shops:
D:4 :

Annotations:
D:2 Jessica
D:4 Grinder


Message History

You are very lightly contaminated with residual magic.
As you read the scroll labeled AWNIYF EPRUADO, it crumbles to dust.
It was a scroll of blinking.
* * * LOW HITPOINT WARNING * * *
You feel sick.
Unknown command.
* * * LOW HITPOINT WARNING * * *
You feel sick.
The orc wizard casts a spell.
The orc wizard blinks!
You climb upwards.
Level annotation: Grinder You feel yourself speed up.
* * * LOW HITPOINT WARNING * * *
You feel sick. The orc priest hits you with a dagger.
* * * LOW HITPOINT WARNING * * *
The orc misses you.
The orc priest mumbles some strange prayers to Beogh against you.
Something smites you!
You die...

#.#
#.#######
..#
#.......#
#o#
#######.#
#.# #.# #o#
####.# #.#
#....# #o#
#.#### #o#
#.# #@# #.#
#o# ## #.#
#.# .# #.#
#?# .# #.#
#.# .#
##.#######.#
.#
#..........#
(#
#<.#########
.# #..#


You could see 2 orc priests, an orc wizard and 2 orcs.

Vanquished Creatures
  A hound (D:5)
  Natasha (D:4)
  3 gnolls (D:5)
  5 adders
  7 orcs
  A ball python (D:2)
  4 hobgoblins
  3 kobolds
  A quokka (D:2)
  5 giant newts
  A jackal skeleton (D:5)
  2 rats
34 creatures vanquished.

Notes
Turn   | Place    | Note
--------------------------------------------------------------
     0 | D:1      | 4thArraOfDagon the Human Gladiator began the quest for the Orb.
     0 | D:1      | Reached XP level 1. HP: 16/16 MP: 1/1
     2 | D:1      | welcome
     6 | D:1      | in the real world
    51 | D:2      | Reached XP level 2. HP: 20/22 MP: 2/2
    63 | D:2      | Found a basalt altar of Yredelemnul.
    65 | D:2      | Found a radiant altar of Vehumet.
    65 | D:2      | Found a blossoming altar of Fedhas.
    67 | D:2      | Found a deep blue altar of Sif Muna.
    67 | D:2      | Found a stormy altar of Qazlal.
    91 | D:2      | f it
    95 | D:2      | Became a worshipper of Qazlal Stormbringer
   101 | D:2      | hello stormboy
   138 | D:2      | Reached XP level 3. HP: 23/28 MP: 3/3
   178 | D:2      | Noticed Jessica
   181 | D:2      | :(
   181 | D:2      | WHY
   265 | D:2      | Found a shadowy altar of Dithmenos.
   433 | D:3      | Reached XP level 4. HP: 19/34 MP: 4/4
   772 | D:4      | Found Kuuwon's Book Boutique.
   796 | D:4      | Reached skill level 1 in Invocations
   826 | D:4      | Noticed Natasha
   839 | D:4      | Killed Natasha
   839 | D:4      | Reached skill level 4 in Staves
   904 | D:4      | Noticed Grinder
   907 | D:5      | Entered Level 5 of the Dungeon
   907 | D:5      | Found a shimmering altar of Xom.
   970 | D:5      | Reached XP level 5. HP: 39/39 MP: 6/6
  1039 | D:5      | Acquired Qazlal's first power
  1128 | D:4      | Killed from afar by an orc priest

Vault maps used:
D:1:      dpeg_arrival_rooms_b
D:2:      grunt_dithmenos_smoke, grunt_temple_overflow_open, uniq_jessica
D:4:      lemuel_temple_firewalk, serial_shops, shop_statue, minivault_23,
          uniq_grinder, uniq_natasha
D:5:      grunt_temple_overflow_order_and_chaos_2,
          nicolae_overflow_hidden_temple, basic_altar, first_bread
D:6:      portal_sewer_entry_d, kennysheep_boxes

Action                   |  1- 3 |  4- 6 || total
-------------------------+-------+-------++-------
Melee: Quarterstaff      |    68 |    78 ||   146
Throw: Throwing net      |     5 |     6 ||    11
       Javelin           |       |     1 ||     1
  Use: Scroll            |     1 |     4 ||     5
       Potion            |       |     2 ||     2
 Stab: Held in net/web   |     2 |     3 ||     5
  Eat: Chunk             |       |     1 ||     1
